 Dungeon Crawl Stone Soup version 0.26.1-11-gd32895ea62 (webtiles) character file.

Game seed: 14835671919849626590

1052 dtburroughs the Chopper (level 8, -4/71 HPs)
             Began as a Minotaur Berserker on June 23, 2021.
             Was a Priest of Trog.
             Slain by an ice beast (5 damage)
             ... on level 5 of the Dungeon.
             The game lasted 00:07:10 (4542 turns).

dtburroughs the Chopper (Minotaur Berserker)        Turns: 4542, Time: 00:07:11

Health: -4/71      AC: 11    Str: 21    XL:     8   Next: 5%
Magic:  7/7        EV: 10    Int:  6    God:    Trog [***...]
Gold:   217        SH:  0    Dex: 11    Spells: 7/7 levels left

rFire    . . .     SeeInvis .   o - +0 war axe
rCold    . . .     Faith    .   (no shield)
rNeg     . . .     Spirit   .   d - +0 chain mail (curse)
rPois    .         Reflect  .   (helmet restricted)
rElec    +         Harm     .   (no cloak)
rCorr    .         Rampage  .   q - +0 pair of gloves
Will     ++...                  (no boots)
Stlth    ..........             (no amulet)
HPRegen  1.21/turn              (no ring)
MPRegen  0.10/turn              (no ring)

@: regenerating
A: retaliatory headbutt, horns 2, talons 1, deterioration 1, electricity
resistance
a: Renounce Religion, Berserk, Trog's Hand


You were on level 5 of the Dungeon.
You worshipped Trog.
Trog was most pleased with you.
You visited 1 branch of the dungeon, and saw 5 of its levels.

You collected 217 gold pieces.

Inventory:

Hand Weapons
 o - a +0 war axe (weapon)
Armour
 d - a cursed +0 chain mail (worn)
 q - a +0 pair of gloves (worn)
 t - the cursed +1 scale mail of Moral Flaws {rPois Will+ Int+2, unknown}
   (You found it on level 5 of the Dungeon)

   It affects your intelligence (+2).
   It protects you from poison.
   It affects your willpower, your defense against some magical effects.
   It has a curse placed upon it.
 v - the +7 ring mail of Cuent {rN+ rCorr, unknown}
   (You found it on level 5 of the Dungeon)

   It protects you from negative energy.
   It provides partial protection from all sources of acid and corrosion.
Jewellery
 s - an uncursed ring of flight {unknown}
Scrolls
 a - a scroll of fear {unknown}
 b - a scroll of noise {unknown}
 c - 4 scrolls of teleportation {unknown}
 e - 7 scrolls of identify {unknown}
 f - 3 scrolls of enchant weapon {unknown}
 i - 2 scrolls of blinking {unknown}
 k - 2 scrolls of remove curse {unknown}
 l - a scroll of amnesia {unknown}
 n - a scroll of magic mapping {unknown}
Potions
 g - a potion of flight {unknown}
 h - a potion of heal wounds {unknown}
 j - 2 potions of mutation
 m - a potion of magic {unknown}
 p - a potion of attraction {unknown}
 r - a potion of lignification {unknown}
 u - a potion of resistance {unknown}


   Skills:
 + Level 6.6 Fighting
 + Level 6.7 Axes
 + Level 6.1 Armour
 + Level 5.5 Dodging


You had 7 spell levels left.
You didn't know any spells.
Your spell library was empty.

Dungeon Overview and Level Annotations

Branches:
Dungeon (5/15)
 Temple: D:4-7

Altars:
Cheibriados
Dithmenos
Gozag
Hepliaklqana
Trog
Wu Jian


Innate Abilities, Weirdness & Mutations

You reflexively headbutt those who attack you in melee.
You have a pair of horns on your head.
You have sharp toenails.
Your body sometimes deteriorates upon taking damage.
You are resistant to electric shocks. (rElec)


Message History

The ice beast is lightly wounded.
The ice beast hits you. The ice beast freezes you!
* * * LOW HITPOINT WARNING * * *
The ice beast barely misses you.
You hit the ice beast. Your headbutt misses the ice beast.
The ice beast is lightly wounded.
The ice beast hits you.
* * * LOW HITPOINT WARNING * * *
The ice beast freezes you!
* * * LOW HITPOINT WARNING * * *
It was a potion of mutation.
You feel extremely strange.
You feel insulated.
You feel yourself wasting away.
Your toenails lengthen and sharpen.
The ice beast completely misses you.
Your skin crawls.
You feel strong-willed. The ice beast hits you.
* * * LOW HITPOINT WARNING * * *
The ice beast freezes you.
You die...

#.# #....)# #.#
#.....# #.# #.....#
##.##### #.....#
#......# #.....#
#..###.# ###.###
#..###.# ##.#
#....#.# #..#
#.##.#.## #@##
#.......# #Y#######.
#.#####.###.........
##### #.#
#.#........... #....
#.# #...#..#..##.#
#.... #.#
#.........# # ##....
#.#####.#.#.....##.#
#)..#.
#.......#.#........#
#...#.
#########.#.....####
#.....


You could see an ice beast.

Vanquished Creatures
  2 ogres
  2 centaurs (D:5)
  A scorpion (D:4)
  A howler monkey (D:5)
  2 hounds
  4 orc priests
  4 iguanas
  2 orc wizards
  5 worker ants
  4 adders
  A howler monkey skeleton (D:4)
  An ufetubus (D:5)
  2 oozes
  2 worms
  3 dart slugs
  A leopard gecko (D:5)
  15 orcs
  3 ball pythons
  6 giant cockroaches
  3 goblins
  8 hobgoblins
  16 jackals
  6 kobolds
  2 quokkas (D:5)
  9 bats
  3 frilled lizards
  A giant cockroach zombie (D:5)
  A leopard gecko skeleton (D:5)
  12 rats
122 creatures vanquished.

Notes
Turn   | Place    | Note
-------+----------+-------------------------------------------
     0 | D:1      | dtburroughs the Minotaur Berserker began the quest for the
                  | Orb.
     0 | D:1      | Reached XP level 1. HP: 19/19 MP: 0/0
   147 | D:1      | Reached XP level 2. HP: 18/27 MP: 1/1
  1186 | D:2      | Reached XP level 3. HP: 33/33 MP: 2/2
  1312 | D:2      | Reached ** piety under Trog
  1393 | D:2      | Found a bloodstained altar of Trog.
  1784 | D:2      | Found a hazy altar of Hepliaklqana.
  2143 | D:3      | You fall into a shaft and drop 2 floors!
  2143 | D:5      | Entered Level 5 of the Dungeon
  2297 | D:3      | Reached XP level 4. HP: 40/40 MP: 3/3
  2504 | D:3      | Reached XP level 5. HP: 47/47 MP: 4/4
  3029 | D:3      | Found a shadowy altar of Dithmenos.
  3150 | D:4      | Reached skill level 5 in Axes
  3404 | D:4      | Reached skill level 5 in Fighting
  3499 | D:4      | Reached XP level 6. HP: 55/56 MP: 5/5
  3516 | D:4      | Reached *** piety under Trog
  3574 | D:4      | Found a snail-covered altar of Cheibriados.
  3584 | D:4      | Found an opulent altar of Gozag.
  3746 | D:4      | Reached skill level 5 in Armour
  3746 | D:4      | Reached XP level 7. HP: 25/61 MP: 6/6
  4244 | D:5      | Reached skill level 5 in Dodging
  4343 | D:5      | Found an ornate altar of the Wu Jian Council.
  4356 | D:5      | Got a pitted scale mail
  4470 | D:5      | Got a shimmering ring mail
  4535 | D:5      | Reached XP level 8. HP: 25/71 MP: 7/7
  4540 | D:5      | HP: 2/71 [ice beast (12)]
  4541 | D:5      | Gained mutation: You are resistant to electric shocks.
                  | (rElec) [potion of mutation]
  4541 | D:5      | Gained mutation: Your body sometimes deteriorates upon
                  | taking damage. [potion of mutation]
  4541 | D:5      | Gained mutation: You have sharp toenails. [potion of
                  | mutation]
  4542 | D:5      | Slain by an ice beast

Illustrated notes

Levels and vault maps discovered:
D:1:      minmay_arrival_diagonal_passages, layout_basic, minmay_tromino_v4_b
D:2:      layout_basic, old_standard_altar, nzn_hepliaklqana_mist_gate
D:3:      layout_loops_cross, nicolae_dithmenos_through_a_glass_darkly
D:4:      layout_gridville, amethyst_overflow_temple_binary
D:5:      layout_loops_cross, overflow_temple_1_default, basic_altar

Skill      XL: |  1  2  3  4  5  6  7 |
---------------+----------------------+-----
Fighting       | 4 5 6 |  6.6
Axes           | 4 5 6 |  6.7
Armour         | 3 4 5 6 |  6.1
Dodging        | 3 4 5 |  5.5

Action                   |  1- 3 |  4- 6 |  7- 9 || total
-------------------------+-------+-------+-------++-------
Melee: Hand axe          |   112 |   114 |       ||   226
       Headbutt          |    15 |    22 |    17 ||    54
       War axe           |       |    34 |    79 ||   113
Invok: Trog's Hand       |       |     1 |     2 ||     3
  Use: Potion            |       |       |     1 ||     1
Armor: Animal skin       |     8 |       |       ||     8
       Chain mail        |    61 |    73 |    56 ||   190
Dodge: Dodged            |    69 |    61 |    45 ||   175
